 Dungeon Crawl Stone Soup version 0.28-a0-1555-g9ae15a6949 (webtiles) character file.

Game seed: 15664508845335237546

105 HallandMoats the Skirmisher (level 4, -5/41 HPs)
             Began as a Ghoul Monk on Jan 18, 2022.
             Was a Priest of Qazlal.
             Slain by Sigmund (6 damage)
             ... on level 2 of the Dungeon.
             The game lasted 00:03:29 (2396 turns).

HallandMoats the Skirmisher (Ghoul Monk)            Turns: 2396, Time: 00:03:30

Health: -5/41      AC:  9    Str: 15 (16) XL:     4   Next: 83%
Magic:  4/4        EV: 10    Int:  3 (5)  God:    Qazlal [***...]
Gold:   17         SH:  0    Dex: 10 (11) Spells: 3/3 levels left

rFire   . . .      SeeInvis .     - Unarmed
rCold   + . .      Faith    .   d - +0 buckler
rNeg    + + +      Spirit   .   i - +0 ring mail
rPois   ∞          Reflect  .   j - +2 helmet
rElec   .          Harm     .   m - +0 cloak
rCorr   .          Rampage  .   (no gloves)
Will    .....                   (no boots)
Stlth   ..........              (no amulet)
HPRegen 0.00/turn               (no ring)
MPRegen 0.09/turn               (no ring)

@: confused, brilliant, inhibited regen
A: claws 1, cold resistance 1, negative energy resistance 3, inhibited
regeneration, torment resistance 2
a: Renounce Religion, Upheaval, Elemental Force


You were on level 2 of the Dungeon.
You worshipped Qazlal.
Qazlal was most pleased with you.
You visited 1 branch of the dungeon, and saw 2 of its levels.

You collected 17 gold pieces.

Inventory:

Missiles
 n - 2 throwing nets (quivered)
Armour
 d - a +0 buckler (worn)
 h - a +0 kite shield
 i - a +0 ring mail (worn)
 j - a +2 helmet (worn)
 m - a +0 cloak (worn)
Scrolls
 a - a scroll of vulnerability {unknown}
 b - 2 scrolls of fog {unknown}
 e - a scroll of blinking {unknown}
 g - a scroll of identify {unknown}
 k - a scroll of summoning {unknown}


   Skills:
 * Level 4.4 Fighting
 + Level 1.2 Armour
 + Level 3.2 Dodging
 - Level 2.1 Stealth
 * Level 0.9 Shields
 - Level 3.2 Unarmed Combat
 + Level 1.7 Invocations


You had 3 spell levels left.
You didn't know any spells.
Your spell library was empty.

Dungeon Overview and Level Annotations

Branches:
Dungeon (2/15)

Altars:
Qazlal

Annotations:
D:2 Sigmund


Innate Abilities, Weirdness & Mutations

You thrive by killing the living.
You are immune to poison.
You have sharp fingernails.
Your flesh is cold resistant. (rC+)
You are immune to negative energy. (rN+++)
You do not regenerate when monsters are visible.
You are immune to unholy pain and torment.


Message History

Sigmund barely misses you.
You feel less confused. You block Sigmund's attack.
Sigmund is attracted toward you.
You barely miss Sigmund.
Sigmund is moderately wounded.
You scratch Sigmund.
Sigmund is heavily wounded.
Sigmund points at you and mumbles some strange words.
The puff of flame hits you.
You scratch Sigmund but do no damage.
Sigmund is heavily wounded.
You block Sigmund's attack.
You closely miss Sigmund.
Sigmund is heavily wounded.
You scratch Sigmund.
Sigmund is severely wounded.
Sigmund mumbles some strange words.
Sigmund flickers and vanishes!
Deactivating autopickup; reactivate with Ctrl-A.
Something hits you.
You closely miss something. You barely miss something. Something hits you.
You scratch something. Something hits you!
* * * LOW HITPOINT WARNING * * *
You closely miss something.
You feel less attractive to monsters. Something hits you but does no damage.
A puff of flame appears from out of thin air!
The puff of flame hits you!
* * * LOW HITPOINT WARNING * * *
You see here a worm corpse.
You are confused.
You bump into the rock wall.
You are more confused.
You bump into the rock wall.
You're too confused to move!
You bump into the rock wall.
You hear some strange, mumbled words.
You are more confused.
You bump into the rock wall.
Something hits you.
You die...

#.# #.# #†# #.#
#.# #.# #.. #.#
#.# #.# #.# #@#
#.# #.#######.#
#.......#.#
#######.#.########
#...........
###.########
#.#### #....#
####.#


There were no monsters in sight!

Vanquished Creatures
  2 gnolls
  2 adders (D:2)
  3 worms (D:2)
  6 bats
  6 endoplasms
  5 giant cockroaches (D:1)
  5 goblins
  9 hobgoblins
  4 jackals (D:1)
  4 ball pythons (D:2)
  4 frilled lizards
  4 kobolds
  A rat (D:1)
55 creatures vanquished.

Notes
Turn   | Place    | Note
-------+----------+-------------------------------------------
     0 | D:1      | HallandMoats the Ghoul Monk began the quest for the Orb.
     0 | D:1      | Reached XP level 1. HP: 19/19 MP: 0/0
    43 | D:1      | Reached XP level 2. HP: 3/26 MP: 1/1
   480 | D:1      | Reached skill level 1 in Invocations
   799 | D:1      | Reached XP level 3. HP: 7/33 MP: 2/2
  1185 | D:1      | Found a faded altar of an unknown god.
  1204 | D:1      | Prayed at the altar of an unknown god.
  1204 | D:1      | Became a worshipper of Qazlal Stormbringer
  1204 | D:1      | Reached * piety under Qazlal
  1204 | D:1      | Reached ** piety under Qazlal
  1275 | D:1      | Reached skill level 1 in Armour
  1293 | D:1      | Reached skill level 4 in Fighting
  1315 | D:1      | Reached *** piety under Qazlal
  1940 | D:2      | Reached XP level 4. HP: 40/40 MP: 4/4
  2350 | D:2      | Noticed Sigmund
  2381 | D:2      | HP: 1/41 [something/puff of flame (7)]
  2396 | D:2      | Slain by Sigmund

Illustrated notes

Levels and vault maps discovered:
D:1:      matt_arrival_grand_opening, layout_basic,
          hellmonk_ecumenical_altar_pennies_from_heaven, palyth_stone_intersect,
          kennysheep_nondescript, nrook_loot_triangle, bh_walls_and_bars
D:2:      minmay_door_path, layout_loops_ring, uniq_sigmund

Skill      XL: |  1  2  3 |
---------------+----------+-----
Invocations    | 1 |  1.7
Dodging        | 3 |  3.2
Armour         | 1 |  1.2
Fighting       | 4 |  4.4
Stealth        | |  2.1
Shields        | |  0.9
Unarmed Combat | |  3.2

Action                   |  1- 3 |  4- 6 || total
-------------------------+-------+-------++-------
Melee: Unarmed           |   112 |    83 ||   195
       Punch             |     3 |       ||     3
  Use: Potion            |       |     3 ||     3
 Stab: Sleeping          |     2 |       ||     2
Armor: Robe              |    11 |       ||    11
       Leather armour    |     8 |       ||     8
       Ring mail         |       |    18 ||    18
Dodge: Dodged            |    71 |    26 ||    97
Block: Buckler           |     4 |    16 ||    20
       Other             |     4 |       ||     4
       Kite shield       |     3 |       ||     3

Table legend: (Time is in decaauts)
 A = Elapsed time spent in this place.
 B = Non-inter-level travel time spent in this place.
 C = Inter-level travel time spent in this place.
 D = Time resting spent in this place.
 E = Time spent auto-exploring this place.
 F = Levels seen in this place.
 G = Mean time per level.
                   A        B        C        D        E       F      G
               +--------+--------+--------+--------+--------+-----+--------+
         Total |   2392 |   2319 |     73 |    206 |   1541 |   2 | 1196.0 |
       Dungeon |   2392 |   2319 |     73 |    206 |   1541 |   2 | 1196.0 |
               +--------+--------+--------+--------+--------+-----+--------+

Top non-repeatable levels by time:
     D:1: 1524 daAuts
     D:2: 868 daAuts
